 Dungeon Crawl Stone Soup version 0.25-b1-41-g19641232cd (webtiles) character file.

Game seed: 12996741096251270572

854 Doot the Stinger (level 8, -4/48 HPs)
             Began as an Octopode Venom Mage on June 8, 2020.
             Was a Follower of Vehumet.
             Slain by Maggie
             ... wielding a +2 war axe of flaming
              (8 damage)
             ... on level 6 of the Dungeon.
             The game lasted 00:16:38 (7497 turns).

Doot the Stinger (Octopode Venom Mage)              Turns: 7497, Time: 00:16:38

Health: -4/48      AC:  1    Str:  8    XL:     8   Next: 1%
Magic:  2/16       EV: 14    Int: 25    God:    Vehumet [*.....]
Gold:   338        SH:  0    Dex: 18    Spells: 4/17 levels left

rFire    . . .     SeeInvis .   C - +2 flail (protect)
rCold    + . .     Gourm    .   (no shield)
rNeg     . . .     Faith    .   q - +0 hat
rPois    .         Spirit   .   o - amulet of inaccuracy (curse)
rElec    .         Reflect  .   c - +6 ring of intelligence
rCorr    .         Harm     .   k - +6 ring of dexterity
MR       .....                  x - ring of protection from cold
Stlth    ++++......             (no ring)
HPRegen  0.16/turn              (no ring)
MPRegen  0.15/turn              (no ring)
                                (no ring)
                                (no ring)

@: about to teleport, mesmerised, very slightly contaminated, hasted, very quick
A: almost no armour, stealthy swim, amphibious, 8 rings, constrict 8, camouflage
1, gelatinous body 1
a: Renounce Religion


You were on level 6 of the Dungeon.
You worshipped Vehumet.
Vehumet was aware of your devotion.
You were not hungry.

You visited 2 branches of the dungeon, and saw 7 of its levels.

You collected 338 gold pieces.

Inventory:

Hand Weapons
 i - a +0 great mace
 l - a cursed -1 dagger
 u - a +0 short sword of venom
 C - a +2 flail of protection (weapon)
Armour
 q - a +0 hat (worn)
Jewellery
 c - a +6 ring of intelligence (left tentacle)
 g - an uncursed amulet of reflection {unknown}
 k - a +6 ring of dexterity (right tentacle)
 o - a cursed amulet of inaccuracy (around mantle)
 x - a ring of protection from cold (on tentacle)
Wands
 t - a wand of polymorph (6)
 w - a wand of enslavement (7)
Scrolls
 a - a scroll of enchant armour
 n - 2 scrolls of immolation
 p - a scroll of amnesia
 r - a scroll of identify
Potions
 d - a potion of invisibility {unknown}
 e - a potion of curing
 f - a potion of might {unknown}
 h - a potion of flight {unknown}
 j - a potion of degeneration {unknown}
 m - a potion of haste
 s - a potion of cancellation {unknown}
 v - a potion of brilliance {unknown}
 z - a potion of magic {unknown}
 A - a potion of ambrosia {unknown}
Comestibles
 b - 11 rations
 B - 5 chunks of flesh


   Skills:
 + Level 1.0 Fighting
 + Level 1.0 Maces & Flails
 + Level 2.7 Dodging
 + Level 3.1 Stealth
 * Level 5.4 Spellcasting
 + Level 3.3 Transmutations
 + Level 0.5 Fire Magic
 + Level 2.5 Air Magic
 + Level 5.9 Poison Magic


You had 4 spell levels left.
You knew the following spells:

 Your Spells              Type           Power        Failure   Level  Hunger
a - Sting                 Tmut/Pois      ####         1%          1    None
b - Poisonous Vapours     Pois/Air       ####..       1%          2    None
c - Mephitic Cloud        Conj/Pois/Air  ###.....     8%          3    #......
d - Ignite Poison         Fire/Tmut/Pois ###.....     6%          3    #......
e - Olgreb's Toxic Radia  Pois           #####...     7%          4    ###....

Your spell library contained the following spells:

 Spells                   Type           Power        Failure   Level  Hunger
 Sandblast                Erth           #.....       8%          1    None
 Animate Skeleton         Necr           N/A          8%          1    None
 Apportation              Tloc           #.....       8%          1    None
 Corona                   Hex            #......      8%          1    None
 Summon Small Mammal      Summ           #...         8%          1    None


Dungeon Overview and Level Annotations

Branches:
Dungeon (5/15)             Temple (1/1) D:4

Altars:
Ashenzari
Cheibriados
Dithmenos
Fedhas
Gozag
Hepliaklqana
Makhleb
Nemelex Xobeh
Okawaru
Qazlal
Ru
Sif Muna
Trog
Vehumet
Wu Jian
Xom
Zin
The Shining One

Shops:
D:4 =

Annotations:
D:6 Maggie


Innate Abilities, Weirdness & Mutations

You cannot wear most types of armour.
You are very stealthy in the water. (Stealth+)
You are amphibious.
You can wear up to eight rings at the same time.
You can use your tentacles to constrict eight enemies at once.
Your skin changes colour to match your surroundings (Stealth+).
Your rubbery body absorbs attacks. (AC +1, EV +1)


Message History

You are mesmerised by Maggie!
The hound closely misses you.
Unknown command.
Unknown command.
You feel better. The hound misses you.
Unknown command.
You feel yourself speed up. The hound closely misses you. The hound bites you.
* * * LOW HITPOINT WARNING * * *
Unknown command.
Unknown command.
As you read the scroll of teleportation, it crumbles to dust.
You feel strangely unstable.
The ogre hits you with a +0 giant spiked club.
* * * LOW HITPOINT WARNING * * *
A wight comes into view.
It is wielding a +3 short sword of freezing.
Unknown command.
Unknown command.
The hound misses you.
Maggie hits you with a +2 war axe of flaming!
You die...

#.# .....# #.#
#z...###
#.#####z.....
#..........#
#....†.....####.#
#...z..').......#
#.zO...#.#.######
+..h@..+...>.
#..@...#.##.##
#..$...### .#
######## .# . .


You could see Maggie (mesmerising), an ogre, a hound and 4 wights.

Vanquished Creatures
  A centaur (D:5)
  An ogre (D:4)
  A scorpion (D:5)
  2 crimson imps
  2 iguanas (D:4)
  3 worker ants
  4 orc wizards (D:4)
  A killer bee zombie (D:5)
  A hound skeleton (D:5)
  A howler monkey zombie (D:5)
  Robin (D:2)
  8 gnolls
  9 adders
  2 adder skeletons
  3 worms
  3 dart slugs
  A leopard gecko (D:4)
  16 orcs
  5 giant cockroaches
  14 goblins
  5 hobgoblins
  5 kobolds
  2 quokkas
  A ball python skeleton (D:5)
  7 bats
  6 frilled lizards
  A jackal skeleton (D:4)
  A leopard gecko zombie (D:5)
  A quokka zombie (D:5)
  10 rats
118 creatures vanquished.

Notes
Turn   | Place    | Note
-------+----------+-------------------------------------------
     0 | D:1      | Doot the Octopode Venom Mage began the quest for the Orb.
     0 | D:1      | Reached XP level 1. HP: 11/11 MP: 3/3
   375 | D:1      | Reached XP level 2. HP: 17/17 MP: 1/5
   494 | D:1      | Learned a level 2 spell: Poisonous Vapours
   610 | D:1      | Reached XP level 3. HP: 21/21 MP: 2/6
  1041 | D:1      | Learned a level 3 spell: Mephitic Cloud
  1250 | D:1      | Reached XP level 4. HP: 24/27 MP: 0/7
  1829 | D:2      | Identified the +3 helmet of Inevitability {Int+3}
  1829 | D:2      | Noticed Robin
  2012 | D:2      | Found a shattered altar of Ashenzari.
  2204 | D:3      | Reached skill level 5 in Poison Magic
  2372 | D:3      | Reached XP level 5. HP: 30/31 MP: 5/9
  2584 | D:3      | Found a sacrificial altar of Ru.
  2636 | D:3      | Learned a level 3 spell: Ignite Poison
  2827 | D:3      | Noticed a phantom
  2911 | D:4      | Found a staircase to the Ecumenical Temple.
  2915 | Temple   | Entered the Ecumenical Temple
  3194 | Temple   | Became a worshipper of Vehumet
  3646 | D:2      | Killed Robin
  3855 | D:2      | Reached skill level 1 in Air Magic
  4727 | D:4      | Reached XP level 6. HP: 37/37 MP: 7/11
  4788 | D:4      | Found Zanelagi's Jewellery Shop.
  5635 | D:4      | Reached * piety under Vehumet
  5635 | D:4      | Offered knowledge of Sandblast by Vehumet.
  5635 | D:4      | Reached XP level 7. HP: 42/42 MP: 4/13
  5946 | D:5      | Entered Level 5 of the Dungeon
  6337 | D:4      | Reached skill level 5 in Spellcasting
  7015 | D:5      | Reached skill level 1 in Fighting
  7036 | D:5      | Learned a level 4 spell: Olgreb's Toxic Radiance
  7321 | D:5      | Found a snail-covered altar of Cheibriados.
  7472 | D:5      | You fall into a shaft and drop 1 floor!
  7481 | D:6      | Noticed Maggie
  7484 | D:6      | Reached skill level 1 in Maces & Flails
  7491 | D:6      | Reached XP level 8. HP: 20/48 MP: 1/16
  7491 | D:6      | HP: 1/48 [hound (5)]
  7497 | D:6      | Slain by Maggie

Illustrated notes

Levels and vault maps discovered:
D:1:      lemuel_arrival_room, layout_loops_ring, serial_rivers,
          chequers_serial_rivers_micro_c, chequers_serial_rivers_small_3,
          chequers_serial_rivers_room_a, chequers_serial_rivers_micro_a
D:2:      layout_basic, nicolae_ashenzari_panopticon, uniq_robin
D:3:      layout_basic, lemuel_round_altar
D:4:      layout_basic, minmay_temple_entry_offerings, serial_shops,
          nicolae_shop_temple_entry_statues_fountains, minmay_distorted
D:5:      layout_basic, kennysheep_slug_shrine, first_ration
D:6:      layout_basic, uniq_eustachio, uniq_maggie, uniq_blork_the_orc
Temple:   regret_index_temple_generic_petals

Skill      XL: |  1  2  3  4  5  6  7 |
---------------+----------------------+-----
Poison Magic   | 4 5 |  5.9
Stealth        | 3 |  3.1
Transmutations | 2 3 |  3.3
Spellcasting   | 3 4 5 |  5.4
Air Magic      | 1 2 |  2.5
Fighting       | 1 |  1.0
Maces & Flails | 1 |  1.0
Dodging        | |  2.7
Fire Magic     | |  0.5

Action                   |  1- 3 |  4- 6 |  7- 9 || total
-------------------------+-------+-------+-------++-------
Melee: Unarmed           |     2 |       |       ||     2
       Constrict         |     1 |     1 |     6 ||     8
       Tentacles         |     1 |       |     2 ||     3
       Great mace        |       |    10 |    23 ||    33
       Flail             |       |       |     1 ||     1
 Cast: Sting             |    35 |    63 |    26 ||   124
       Poisonous Vapours |    10 |    39 |    14 ||    63
       Ignite Poison     |       |     4 |    13 ||    17
       Mephitic Cloud    |       |     2 |     6 ||     8
       Olgreb's Toxic Ra |       |       |     2 ||     2
  Use: Scroll            |       |     1 |     7 ||     8
       Potion            |       |       |     2 ||     2
 Stab: Sleeping          |       |       |     2 ||     2
  Eat: Chunk             |     1 |    15 |     6 ||    22
Armor: Skin              |     1 |     1 |     5 ||     7
Dodge: Dodged            |    23 |    30 |    41 ||    94
